 Dungeon Crawl Stone Soup version 0.16.0 (webtiles) character file.

611 Minkie the Basher (level 7, -2/59 HPs)
             Began as a Minotaur Fighter on Mar 19, 2015.
             Was a Follower of Yredelemnul.
             Slain by a gnoll
             ... wielding a +0 halberd
              (8 damage)
             ... on level 6 of the Dungeon.
             The game lasted 00:13:32 (3974 turns).

Minkie the Basher (Minotaur Fighter)                Turns: 3974, Time: 00:13:32

Health: -2/59      AC:  9    Str: 20    XL:     7   Next: 20%
Magic:  1/1        EV:  3    Int:  1    God:    Yredelemnul [*.....]
Gold:   252        SH:  9    Dex: 12    Spells: 0 memorised, 6 levels left

rFire  . . .     SeeInvis .     l - +4 flail of Immorality {antimagic, rN++ Int-4}
rCold  . . .     Clarity  .     q - +0 scale mail {rPois}
rNeg   + + .     SustAb   .     c - +0 shield
rPois  +         Gourm    .     (helmet restricted)
rElec  .         Spirit   .     (no cloak)
rCorr  .         Warding  .     i - +0 pair of gloves
rMut   .         Stasis   .     u - +0 pair of boots
MR     .....                    (no amulet)
Stlth  ..........               (no ring)
                                h - -4 ring of evasion (curse)

@: not resistant to hostile enchantments, extremely unstealthy
A: retaliatory headbutt, horns 2
a: Animate Remains, Renounce Religion


You were on level 6 of the Dungeon.
You worshipped Yredelemnul.
Yredelemnul was aware of your devotion.
You were hungry.

You visited 1 branch of the dungeon, and saw 6 of its levels.

You collected 252 gold pieces.

Inventory:

Hand weapons
 l - the +4 flail of Immorality (weapon) {antimagic, rN++ Int-4}
   (You found it on level 5 of the Dungeon)

   It disrupts the flow of magical energy around spellcasters and certain
   magical creatures (including the wielder).
   It affects your intelligence (-4).
   It greatly protects you from negative energy.
 v - a +2 whip of flaming
 B - a +2 flail of crushing
Armour
 c - a +0 shield (worn)
 i - a +0 pair of gloves (worn)
 q - a +0 scale mail of poison resistance (worn)
 u - a +0 pair of boots (worn)
Jewellery
 h - a cursed -4 ring of evasion (left hand)
Magical devices
 s - a wand of slowing (20)
 y - a wand of teleportation (6)
Scrolls
 f - a scroll of fog {unknown}
 g - a scroll of amnesia {unknown}
 m - a scroll of random uselessness {unknown}
 n - 4 scrolls of teleportation {unknown}
 o - 2 scrolls of enchant weapon {unknown}
 r - a scroll of enchant armour {unknown}
 t - 2 scrolls of magic mapping {unknown}
 w - 2 scrolls of remove curse {unknown}
 D - a scroll of immolation {unknown}
Potions
 a - a potion of restore abilities
 b - 2 potions of heal wounds
 e - a potion of might
 j - 4 potions of curing
 k - a potion of agility
 p - 2 potions of ambrosia {unknown}
 A - a potion of berserk rage {unknown}
Comestibles
 d - 2 bread rations
 x - 3 meat rations
 z - 4 fruits
 C - a beef jerky


   Skills:
 - Level 4.0 Fighting
 + Level 9.1 Maces & Flails
 - Level 4.0 Armour
 - Level 4.0 Shields


You had 6 spell levels left.
You didn't know any spells.

Dungeon Overview and Level Annotations

Branches:
Dungeon (6/15)             Temple (0/1) D:6

Altars:
Ashenzari
Cheibriados
Dithmenos
Fedhas
Kikubaaqudgha
Makhleb
Qazlal
Xom
Yredelemnul


Innate Abilities, Weirdness & Mutations

You reflexively headbutt those who attack you in melee.
You have a pair of horns on your head.


Message History

The gnoll shaman is severely wounded.
You block the gnoll's attack. x2
The gnoll shaman hits you with a whip. You block the gnoll's attack.
You barely miss the gnoll shaman.
The gnoll shaman is severely wounded.
The gnoll hits you from afar with a spear.
* * * LOW HITPOINT WARNING * * *
The gnoll hits you but does no damage.
The gnoll shaman calls upon its god to speed up the gnoll.
The gnoll seems to speed up.
You hit the gnoll shaman but do no damage.
The gnoll shaman is severely wounded.
The gnoll hits you from afar with a spear.
* * * LOW HITPOINT WARNING * * *
The gnoll hits you with a halberd!
* * * LOW HITPOINT WARNING * * *
The gnoll shaman utters an invocation to its god.
The gnoll shaman is healed somewhat.
The gnoll hits you with a halberd!
You die...
Your body rises from the dead as a mindless zombie.

... #......
#..... .....
.... #..# #g(#
#gg#
#######@g#####.#
#.......)......#
..#####..#####.#
#..# #..# #..# #
##..#####.###
#............. #
######
##.##...#.###


You could see a gnoll shaman and 3 gnolls.

Vanquished Creatures
  An ogre (D:5)
  2 crimson imps
  A giant frog zombie (D:5)
  A wasp zombie (D:5)
  2 orc priests (D:4)
  An iguana (D:5)
  2 orc wizards
  A hound (D:4)
  2 worker ants
  Terence (D:2)
  Robin (D:2)
  A gnoll (D:6)
  6 adders
  4 worms
  A giant gecko (D:5)
  2 oozes
  11 orcs
  2 ball pythons (D:3)
  19 goblins
  13 hobgoblins
  2 quokkas
  2 bats
  4 giant cockroaches
  2 giant newts
  7 jackals
  9 kobolds
  A quokka skeleton (D:4)
  11 rats
  3 toadstools (D:1)
115 creatures vanquished.

Vanquished Creatures (others)
  A toadstool (D:1)
1 creature vanquished.

Grand Total: 116 creatures vanquished

Notes
Turn   | Place    | Note
--------------------------------------------------------------
     0 | D:1      | Minkie, the Minotaur Fighter, began the quest for the Orb.
     0 | D:1      | Reached XP level 1. HP: 19/19 MP: 1/1
   287 | D:1      | Reached XP level 2. HP: 27/27 MP: 1/1
   444 | D:1      | Reached skill level 4 in Armour
   613 | D:2      | Reached XP level 3. HP: 31/33 MP: 2/2
   615 | D:2      | Noticed Robin
   757 | D:2      | Killed Robin
   791 | D:2      | Reached XP level 4. HP: 33/40 MP: 2/2
   792 | D:2      | Noticed Terence
   818 | D:2      | Killed Terence
   870 | D:2      | Found a shattered altar of Ashenzari.
  1285 | D:2      | Found a shimmering altar of Xom.
  1866 | D:3      | Found a burning altar of Makhleb.
  1868 | D:3      | Reached skill level 5 in Maces & Flails
  2169 | D:4      | Reached XP level 5. HP: 46/46 MP: 2/2
  2756 | D:4      | Found a blossoming altar of Fedhas.
  2818 | D:4      | Found an ancient bone altar of Kikubaaqudgha.
  2825 | D:4      | Found a snail-covered altar of Cheibriados.
  2827 | D:4      | Found a stormy altar of Qazlal.
  2828 | D:4      | Found a basalt altar of Yredelemnul.
  2829 | D:4      | Found a shadowy altar of Dithmenos.
  2833 | D:4      | Became a worshipper of Yredelemnul the Dark
  2985 | D:4      | Reached skill level 6 in Maces & Flails
  3038 | D:4      | Reached skill level 7 in Maces & Flails
  3038 | D:4      | Reached XP level 6. HP: 35/52 MP: 3/3
  3213 | D:5      | Entered Level 5 of the Dungeon
  3336 | D:5      | Got a pitted flail
  3337 | D:5      | Identified the +4 flail of Immorality {antimagic, rN++ Int-4} (You found it on level 5 of the Dungeon)
  3365 | D:5      | Reached skill level 8 in Maces & Flails
  3663 | D:5      | Acquired Yredelemnul's first power
  3663 | D:5      | Reached XP level 7. HP: 19/59 MP: 1/3
  3916 | D:6      | Found a staircase to the Ecumenical Temple.
  3952 | D:6      | Reached skill level 9 in Maces & Flails
  3974 | D:6      | Slain by a gnoll

Action                   |  1- 3 |  4- 6 |  7- 9 || total
-------------------------+-------+-------+-------++-------
Melee: Flail             |    69 |    87 |    14 ||   170
       Whip              |       |    57 |       ||    57
  Use: Scroll            |       |     5 |       ||     5
  Eat: Chunk             |       |     9 |       ||     9
